AoeStats
← 钓鱼佬

Lombardia

508619764Analyzed
4v4 RM · 9d ago on Sep 23, 2026· 64m 52s· 8 players
Game mode
Random Map
Map size
Large (8 player)
Population
200
Speed
Normal
Resources
Standard
Victory
Conquest
Starting age
Dark Age
Ending age
Imperial Age
RankedLock teamsTeams togetherTeam positionsShared explorationLock speedFull tech treeHidden civsTurbo modeCheats
Victory
Defeat
🇨🇳 Hindustanis · China
1738
+7
🇨🇳 Chinese · China
1567
+13
🇮🇳 Magyars · India
1446
+17
🇨🇳 Varangians · China
1279
+23
🇦🇺 Saxons · Australia
1495
-15
🇦🇺 Huns · Australia
1495
-15
🇬🇧 Danes · United Kingdom
1488
-15
🇨🇳 Inca · China
1486
-15
Not the letter N
10:56 Feudal Age
15:30 Castle Age
13:26 Double-Bit Axe
13:32 Horse Collar
16:32 Bow Saw
21:21 Wheelbarrow
21:35 Gold Mining
25:19 Gold Shaft Mining
26:58 Scale Mail Armor
27:08 Forging
27:42 Stone Mining
28:16 Hand Cart
30:57 Imperial Age
28:50 Chain Mail Armor
29:10 Iron Casting
28:43 Squires
28:28 Gambesons
28:28 Arson
30:23 Iron Casting
31:54 Heavy Plow
32:31 Plate Mail Armor
33:01 Blast Furnace
31:24 Elite Varangian Guard
33:29 Conscription
32:37 Hamask
33:07 Capped Ram
34:50 Fletching
34:39 Siege Ram
37:07 Bodkin Arrow
39:19 Loom
45:12 Bracer
46:26 Padded Archer Armor
47:07 Bloodlines
46:57 Husbandry
47:22 Leather Archer Armor
47:18 Heavy Mounted Crossbowman
47:18 Cranequins
48:04 Thumb Ring
49:57 Ring Archer Armor
50:49 Chemistry
50:10 Ballistics
51:00 Caravan
53:17 Pikeman
56:00 Halberdier
56:15 Halberdier
58:50 Masonry
politeOil
11:10 Feudal Age
12:45 Loom
15:19 Castle Age
13:39 Horse Collar
17:16 Double-Bit Axe
17:34 Heavy Plow
23:56 Wheelbarrow
24:11 Bow Saw
25:01 Hand Cart
29:45 Imperial Age
27:37 Scale Mail Armor
27:48 Forging
29:06 Squires
28:51 Arson
29:14 Gold Mining
30:38 Chain Mail Armor
30:59 Iron Casting
30:01 Capped Ram
32:10 Plate Mail Armor
32:19 Elite Varangian Guard
35:41 Shield Wall
35:58 Siege Ram
39:02 Fletching
39:12 Padded Archer Armor
40:09 Bodkin Arrow
43:09 Caravan
45:46 Pikeman
48:55 Two-Man Saw
49:44 Ballistics
50:24 Chemistry
49:12 Elite Skirmisher
50:32 Bracer
50:47 Leather Archer Armor
52:12 Conscription
53:45 Crop Rotation
57:56 Ring Archer Armor
58:46 Guard Tower
60:37 Keep
59:44 Treadmill Crane
60:16 Masonry
ResonanceFreq
9:14 Loom
12:07 Feudal Age
13:13 Double-Bit Axe
13:10 Horse Collar
15:56 Castle Age
14:49 Fletching
16:06 Padded Archer Armor
17:55 Bow Saw
23:16 Wheelbarrow
24:19 Heavy Plow
24:11 Gold Mining
25:47 Hand Cart
30:42 Imperial Age
29:22 Gold Shaft Mining
28:37 Stone Mining
28:45 Bodkin Arrow
29:13 Ballistics
29:05 Padded Archer Armor
29:43 Thumb Ring
29:54 Town Watch
31:11 Bloodlines
31:02 Husbandry
32:35 Two-Man Saw
31:48 Bracer
33:16 Chemistry
32:43 Parthian Tactics
32:48 Leather Archer Armor
32:55 Heavy Cavalry Archer
36:49 Caravan
37:19 Coinage
37:00 Guilds
36:57 Scale Barding Armor
37:02 Forging
43:46 Banking
47:30 Masonry
58:59 Capped Ram
60:12 Capped Ram
61:34 Siege Ram
2067
0:47 Loom
9:32 Loom
12:01 Feudal Age
17:02 Castle Age
15:16 Horse Collar
15:25 Double-Bit Axe
22:15 Horse Collar
24:46 Bow Saw
28:55 Wheelbarrow
28:58 Heavy Plow
32:05 Hand Cart
32:07 Gold Mining
32:09 Stone Mining
36:15 Fortified Wall
38:46 Imperial Age
36:41 Scale Mail Armor
36:52 Forging
37:42 Caravan
38:05 Chain Mail Armor
38:30 Gold Shaft Mining
38:32 Stone Shaft Mining
38:10 Town Watch
39:02 Iron Casting
39:32 Squires
39:17 Arson
39:03 Elite Kamayuk
40:05 Conscription
40:26 Masonry
41:03 Plate Mail Armor
41:54 Blast Furnace
41:40 Andean Sling
41:46 Fabric Shields
41:49 Capped Ram
42:16 Treadmill Crane
43:47 Hoardings
42:53 Siege Ram
44:11 Crop Rotation
44:05 Town Patrol
46:42 Siege Engineers
47:12 Fletching
48:18 Bodkin Arrow
49:46 Andean Sling
49:48 Bracer
55:44 Chemistry
55:03 Padded Archer Armor
56:02 Ballistics
56:28 Elite Skirmisher
57:16 Thumb Ring
57:28 Leather Archer Armor
56:35 Crossbowman
57:44 Arbalester
59:25 Champi Runner
60:06 Champi Warrior
Lyrachord
7:12 Loom
9:25 Feudal Age
10:06 Double-Bit Axe
10:03 Horse Collar
14:49 Wheelbarrow
19:34 Castle Age
20:58 Heavy Plow
21:51 Bow Saw
24:19 Hand Cart
24:34 Gold Mining
29:15 Gold Shaft Mining
31:38 Imperial Age
28:54 Town Watch
29:09 Stone Mining
30:45 Ballistics
30:40 Bloodlines
30:30 Husbandry
30:23 Fletching
31:11 Treadmill Crane
32:15 Town Patrol
32:13 Bodkin Arrow
32:18 Padded Archer Armor
33:13 Parthian Tactics
32:54 Thumb Ring
33:48 Bracer
35:35 Chemistry
34:07 Heavy Cavalry Archer
35:41 Recurve Bow
37:12 Leather Archer Armor
37:04 Scale Barding Armor
38:25 Hoardings
38:11 Conscription
41:46 Elite Magyar Huszar
43:30 Corvinian Army
43:08 Light Cavalry
46:42 Coinage
46:17 Hussar
47:18 Caravan
58:24 Banking
58:49 Man-at-Arms
59:36 Siege Engineers
61:36 Masonry
64:24 Chain Barding Armor
64:34 Ring Archer Armor
青衫天子
11:46 Feudal Age
10:56 Loom
11:00 Loom
12:29 Loom
12:30 Double-Bit Axe
13:03 Horse Collar
15:49 Castle Age
17:35 Bow Saw
19:17 Wheelbarrow
24:00 Hand Cart
24:03 Heavy Plow
24:27 Gold Mining
25:53 Stone Mining
27:18 Scale Barding Armor
27:24 Forging
28:33 Gold Shaft Mining
28:36 Stone Shaft Mining
30:53 Imperial Age
29:18 Chain Barding Armor
29:34 Iron Casting
29:37 Bloodlines
29:28 Husbandry
30:11 Grand Trunk Road
32:41 Chemistry
32:19 Conscription
32:28 Fletching
32:39 Padded Archer Armor
33:01 Ballistics
32:50 Shatagni
32:25 Heavy Camel Rider
33:11 Caravan
34:11 Leather Archer Armor
35:18 Thumb Ring
35:32 Elite Skirmisher
36:21 Bodkin Arrow
38:01 Bracer
38:40 Ring Archer Armor
40:00 Plate Barding Armor
41:21 Light Cavalry
44:18 Blast Furnace
44:38 Hussar
48:10 Imperial Camel Rider
48:58 Imperial Camel Rider
49:04 Siege Elephant
49:51 Town Watch
51:07 Two-Man Saw
51:01 Murder Holes
51:19 Fortified Wall
51:05 Murder Holes
51:21 Masonry
51:48 Hoardings
57:42 Town Patrol
58:14 Coinage
58:15 Siege Engineers
59:32 Banking
钓鱼佬
0:32 Loom
8:42 Feudal Age
9:21 Double-Bit Axe
9:32 Horse Collar
15:54 Wheelbarrow
19:01 Castle Age
17:56 Forging
21:21 Bow Saw
22:25 Hand Cart
23:49 Heavy Plow
23:37 Town Watch
24:19 Gold Mining
25:14 Stone Mining
26:00 Gold Shaft Mining
30:47 Imperial Age
28:55 Stone Shaft Mining
29:56 Ballistics
29:30 Fletching
29:41 Padded Archer Armor
30:30 Town Patrol
31:30 Bodkin Arrow
32:38 Chemistry
33:49 Bracer
33:40 Arrowslits
34:36 Leather Archer Armor
34:34 Thumb Ring
36:42 Ring Archer Armor
39:27 Elite Chu Ko Nu
41:38 Rocketry
41:40 Conscription
46:04 Caravan
mimikyu
12:02 Feudal Age
15:30 Castle Age
13:44 Double-Bit Axe
13:44 Horse Collar
24:19 Wheelbarrow
24:04 Bow Saw
26:37 Hand Cart
26:57 Loom
26:59 Town Watch
28:49 Gold Mining
29:03 Heavy Plow
33:04 Imperial Age
31:17 Forging
31:13 Scale Barding Armor
31:26 Bloodlines
31:16 Husbandry
31:17 Stone Mining
32:14 Scale Barding Armor
32:49 Iron Casting
32:55 Iron Casting
33:55 Husbandry
35:02 Blast Furnace
34:23 Chain Barding Armor
33:52 Elite Jarl
39:02 Conscription
40:47 Scale Mail Armor
41:22 Plate Barding Armor
41:18 Capped Ram
44:12 Two-Man Saw
42:55 Siege Ram
44:25 Siege Ram
46:49 Caravan
49:02 Fletching
50:16 Chemistry
49:29 Masonry
49:25 Siege Engineers
57:43 Scale Mail Armor
59:44 Pikeman
60:24 Squires
60:10 Arson
61:34 Halberdier
64:36 Chain Mail Armor
Connection lost

Rejoining the realm…

Still unreachable

The connection could not be restored.

Session expired

The server has moved on; the page needs a fresh start.